 Dungeon Crawl Stone Soup version 0.17.0-24-gcfadda4 (console) character file.

0 gw the Skirmisher (level 1, -3/18 HPs)
             Began as a Demonspawn Abyssal Knight on Nov 17, 2015.
             Was a Follower of Lugonu.
             Slain by a giant gecko (4 damage)
             ... on level 1 of the Dungeon.
             The game lasted 00:00:07 (51 turns).

gw the Skirmisher (Demonspawn Abyssal Knight)         Turns: 51, Time: 00:00:07

Health: -3/18      AC:  3    Str: 12    XL:     1   Next: 8%
Magic:  2/2        EV: 11    Int: 13    God:    Lugonu [*.....]
Gold:   15         SH:  0    Dex: 12    Spells: 0 memorised, 0 levels left

rFire  . . .     SeeInvis .     a - +1 falchion
rCold  . . .     Clarity  .     b - +0 leather armour
rNeg   . . .     SustAt   .     (no shield)
rPois  .         Gourm    .     (no helmet)
rElec  .         Spirit   .     (no cloak)
rCorr  .         Warding  .     (no gloves)
rMut   .         Stasis   .     (no boots)
MR     .....                    (no amulet)
Stlth  +.........               (no ring)
                                (no ring)

@: not resistant to hostile enchantments, very unstealthy
A: no striking features
a: Depart the Abyss, Renounce Religion


You were on level 1 of the Dungeon.
You worshipped Lugonu.
Lugonu was aware of your devotion.
You were not hungry.

You visited 1 branch of the dungeon, and saw 1 of its levels.
You visited the Abyss 1 time.

You collected 15 gold pieces.

Inventory:

Hand Weapons
 a - a +1 falchion (weapon)
Armour
 b - a +0 leather armour (worn)
Potions
 d - 2 potions of might {unknown}
Comestibles
 c - a bread ration


   Skills:
 + Level 3.0 Fighting
 * Level 1.8 Long Blades
 + Level 0.0 Throwing
 + Level 1.7 Armour
 - Level 0.8 Dodging
 + Level 2.4 Invocations


You couldn't memorise any spells.
You didn't know any spells.

Dungeon Overview and Level Annotations

Branches:
Dungeon (1/15)

Altars:


Message History

You kill the kobold!
Lugonu accepts your kill. The giant newt misses you.
MOVING TO (9,-10)
The giant newt closely misses you.
The giant gecko bites you but does no damage.
MOVING TO (8,-10) ATTACKING (-1,0)
You hit the giant gecko.
The giant gecko is heavily wounded.
The giant gecko bites you. The gnoll hits you!
MOVING TO (2,-1)
The gnoll hits you.
MOVING TO (1,0)
The giant gecko barely misses you.
ATTACKING (-1,0)
You barely miss the giant gecko.
The giant gecko is heavily wounded.
The giant gecko bites you.
You die...

#### ..#.....##.# #..####.#
#.#....###
#####<.'..#.###........###.
+...##'##...................
#...'..#~##.###...#..###...#
+...'.##~##.###.####.... ...
#######~~.#.##(.# #..##.. .
##~....#.l###......
~~.....#Kgl6..#.....
......$..b####....###
..$..#).### .... ........# .
........# ...?.K.## .......
....... ....##.


You could see a gnoll, a giant gecko, a bat, a kobold and a giant newt.

Table legend:
 A = Turns spent in this place as a percentage of turns spent in the entire game.
 B = Non-inter-level travel turns spent in this place as a percentage of non-inter-level travel turns spent in the entire game.
 C = Inter-level travel turns spent in this place as a percentage of turns spent in this place.
 D = Turns resting spent in this place as a percentage of non-inter-level travel turns spent in this place.
 E = Turns spent auto-exploring this place as a percentage of non-inter-level travel turns spent in this place.
 F = Non-inter-level travel turns spent in this place divided by the number of levels of this place that you've seen.
                   A       B       C       D       E      F
               +-------+-------+-------+-------+-------+----------------------
         Total | 100.0 | 100.0 |   0.0 |   0.0 |   2.8 |  72.5
       Dungeon |  80.0 |  80.0 |   0.0 |   0.0 |   2.6 | 116.0
         Abyss |  20.0 |  20.0 |   0.0 |   0.0 |   3.4 |  29.0
               +-------+-------+-------+-------+-------+----------------------

Table legend:
 A = Kills in this place as a percentage of kills in entire the game.
 B = Kills by you in this place as a percentage of kills by you in the entire game.
 C = Kills by friends in this place as a percentage of kills by friends in the entire game.
 D = Other kills in this place as a percentage of other kills in the entire game.
 E = Experience gained in this place as a percentage of experience gained in the entire game.
 F = Experience gained in this place divided by the number of levels of this place that you have seen.
                   A       B       C       D       E      F
               +-------+-------+-------+-------+-------+----------------------
         Total | 100.0 | 100.0 |  -nan |  -nan | 100.0 |   0.5
       Dungeon | 100.0 | 100.0 |  -nan |  -nan | 100.0 |   1.0
               +-------+-------+-------+-------+-------+----------------------

Vanquished Creatures
  A kobold (D:1)
1 creature vanquished.

Notes
Turn   | Place    | Note
--------------------------------------------------------------
     0 | Abyss:1  | gw the Demonspawn Abyssal Knight began the quest for the Orb.
     0 | Abyss:1  | Reached XP level 1. HP: 18/18 MP: 2/2
     5 | D:1      | Escaped the Abyss
    51 | D:1      | Slain by a giant gecko

Action                   || total
-------------------------++-------
Melee: Falchion          ||     3

Vault maps used:
D:1:      sevenhm_arrival_forest_fort_small_3
